[Event "Titled Tuesday Blitz March 08 Early 2022"]
[White "Sydoryka, Vladyslav"]
[Black "Nguyen, Thien Ngan"]
[WhiteFideId "14145928"]
[BlackFideId "12414816"]
[WhiteElo "2283"]
[BlackElo "1917"]
[Result "1-0"]
[Round "01"]
[TimeControl "180+1"]
[Date "2022.03.09"]
[WhiteClock "0:00:13"]
[BlackClock "0:00:31"]

1. c4 e6 2. g3 d5 3. Bg2 Nf6 4. Nf3 c5 5. O-O Nc6 6. cxd5 exd5 7. d4 Be7 8. dxc5 Bxc5 9. a3 a5 10. b3 O-O 11. Bb2 Ne4 12. Nc3 Be6 13. Nb5 Bg4 14. Rc1 Bb6 15. Nbd4 Nxd4 16. Bxd4 Be6 17. e3 Re8 18. Qd3 f6 19. Rfd1 Bf7 20. Qb5 Bxd4 21. Nxd4 Qe7 22. a4 Rad8 23. Qxa5 Nxf2 24. Kxf2 Qxe3+ 25. Kf1 Bh5 26. Rd2 Rd7 27. Qc3 Qe5 28. Nf3 Qf5 29. Kg1 Rde7 30. Rf1 Re3 31. Qc5 Bxf3 32. Rdf2 Qe5 33. Bxf3 d4 34. Qxe5 R8xe5 35. Bxb7 Rxb3 36. Bc6 d3 37. Bb5 Rc3 38. Rd1 Re3 39. Rfd2 Kf7 40. Rxd3 Rexd3 41. Rxd3 Rc1+ 42. Kg2 Rc2+ 43. Kh3 Kg6 44. a5 Ra2 45. a6 Kh5 46. Rd5+ g5 47. Be8+ Kh6 48. Bb5 Rf2 49. Bc4 f5 50. Rd6+ Kg7 51. g4 f4 52. a7 Rf3+ 53. Kg2 Ra3 54. Rd7+ Kf6 55. Bd5 Ke5 56. a8=Q Rxa8 57. Bxa8 h6 58. Rh7 Kd4 59. Bf3 Ke3 60. Rxh6 Kd4 61. Rg6 Ke3 62. Rxg5 Kd4 63. Rf5 Ke3 64. g5 Kd2 65. g6 Ke1 66. g7 Kd2 67. g8=Q Ke3 68. Qb3+ Kd2 69. Rd5+ Ke1 70. Qd1# 1-0


[Site "https://www.chess.com"]

[Event "Titled Tuesday Blitz March 08 Early 2022"]
[White "Tabatabaei, M. Amin"]
[Black "Tymrakiewicz, Rafal"]
[WhiteFideId "12521213"]
[BlackFideId "1108832"]
[WhiteElo "2544"]
[BlackElo "2205"]
[Result "1-0"]
[Round "01"]
[TimeControl "180+1"]
[Date "2022.03.08"]
[WhiteClock "0:00:25"]
[BlackClock "0:00:03"]

1. d4 Nf6 2. Nf3 g6 3. Bf4 c5 4. e3 cxd4 5. exd4 Bg7 6. c3 O-O 7. Be2 d5 8. O-O Nc6 9. h3 Bf5 10. Nbd2 a6 11. a4 Ne4 12. Re1 Nxd2 13. Nxd2 Rc8 14. Bf1 Na5 15. b4 Nc4 16. Nxc4 dxc4 17. a5 Qd7 18. Qf3 Be6 19. Qe2 Rfe8 20. Be5 Bh6 21. Rad1 Bd5 22. h4 Qf5 23. Bg3 Bg7 24. Qe3 h5 25. Qf4 Qxf4 26. Bxf4 Bf6 27. Bg3 e6 28. Re3 Red8 29. Kh2 Rd7 30. Kh3 Rc6 31. Bf4 Kg7 32. f3 Rc8 33. g4 hxg4+ 34. fxg4 Rh8 35. g5 Bd8 36. Be2 Bc7 37. Rf1 Bxf4 38. Rxf4 Rc7 39. Kg3 Rd7 40. Bd1 Rc7 41. Re2 Rd7 42. Ba4 Rc7 43. Re5 Rd8 44. Bd1 Rh8 45. Bg4 Rd7 46. Re2 Rc7 47. Ref2 Re7 48. Be2 Rc7 49. Rh2 Re7 50. Bf1 Rc7 51. Rh3 Rcc8 52. Be2 Rcf8 53. Rf6 Re8 54. h5 gxh5 55. Bxh5 Re7 56. Kg4 Be4 57. Rh4 Bf5+ 58. Kg3 Bd3 59. Bf3 Rd7 60. Rxh8 Kxh8 61. Kf4 Kg7 62. Ke5 Bg6 63. d5 exd5 64. Bxd5 Re7+ 65. Kd4 Rd7 66. Rb6 Bh5 67. Rxb7 Rd6 68. Rc7 Kg6 69. Rc6 Rxc6 70. Bxc6 Be2 71. b5 axb5 72. a6 1-0


[Site "https://www.chess.com"]

[Event "Titled Tuesday Blitz March 08 Early 2022"]
[White "Taichman, Ori"]
[Black "Quirke, Jeffrey"]
[WhiteFideId "2804069"]
[BlackFideId "2013029"]
[WhiteElo "2227"]
[BlackElo "2118"]
[Result "1-0"]
[Round "01"]
[TimeControl "180+1"]
[Date "2022.03.09"]
[WhiteClock "0:01:06"]
[BlackClock "0:00:16"]

1. e4 c5 2. Nf3 e6 3. b3 b6 4. Bb2 Bb7 5. Qe2 Nf6 6. e5 Nd5 7. g3 Be7 8. Bg2 O-O 9. O-O d6 10. exd6 Bxd6 11. Na3 Nc6 12. Nc4 Be7 13. Rad1 Bf6 14. Nfe5 Nxe5 15. Bxe5 Bxe5 16. Qxe5 Qb8 17. d4 cxd4 18. Rxd4 Qxe5 19. Nxe5 Nc3 20. Bxb7 Ne2+ 21. Kg2 Nxd4 22. Bxa8 Rxa8 23. c3 Nb5 24. c4 Nc3 25. a4 Ne4 26. Rd1 Nc5 27. b4 Nxa4 28. Rd7 f6 29. Nc6 a5 30. bxa5 bxa5 31. Rb7 Nc3 32. c5 a4 33. Ne7+ Kh8 34. c6 Nd5 35. Nxd5 exd5 36. c7 1-0


[Site "https://www.chess.com"]

[Event "Titled Tuesday Blitz March 08 Early 2022"]
[White "Tarhan, Adar"]
[Black "Nakamura, Hikaru"]
[WhiteFideId "34544712"]
[BlackFideId "2016192"]
[WhiteElo "1802"]
[BlackElo "2850"]
[Result "1/2-1/2"]
[Round "01"]
[TimeControl "180+1"]
[Date "2022.03.08"]
[WhiteClock "0:01:14"]
[BlackClock "0:01:19"]

1. e4 g6 2. d4 Bg7 3. Nc3 a6 4. a4 b6 5. Be3 Bb7 6. Bd3 d6 7. Qd2 Nd7 8. Nge2 e5 9. d5 Ne7 10. f3 f5 11. Bh6 O-O 12. h4 Nc5 13. h5 f4 14. hxg6 hxg6 15. O-O-O Qd7 16. g3 fxg3 17. Bxg7 Kxg7 18. Qh6+ Kf7 19. Nxg3 Ke8 20. Qg7 Ng8 21. Qxg6+ Qf7 22. Qxf7+ Rxf7 23. Nf5 Ne7 24. Rh8+ Kd7 25. Rxa8 Bxa8 26. Nxe7 Kxe7 27. b4 Nxd3+ 28. Rxd3 Bb7 29. Ne2 Bc8 30. Kd2 Bd7 31. a5 bxa5 32. bxa5 Bb5 33. Rc3 Kd7 34. Ke3 Rh7 35. Ng3 Rh3 36. Nf5 Rh2 37. f4 Rh3+ 38. Kd2 Rh2+ 39. Ke3 Rh3+ 40. Kd2 Rxc3 41. Kxc3 exf4 42. Kd4 c5+ 43. dxc6+ Bxc6 44. e5 f3 45. exd6 f2 46. Ng3 Bg2 47. Ke3 f1=Q 48. Nxf1 Bxf1 49. Kd4 Kxd6 50. Kc3 Kc5 51. Kb2 Kb4 52. Ka1 Ka3 53. c4 Bg2 54. Kb1 Bc6 55. Ka1 Kb4 56. Kb1 Kxa5 57. c5 Kb4 58. Ka1 a5 59. Kb1 a4 60. Ka1 Kb3 61. Kb1 a3 62. Ka1 Kb4 63. Kb1 Kxc5 64. Ka1 Kb4 65. Kb1 Bd5 66. Ka1 Kb3 67. Kb1 a2+ 68. Ka1 Ka3 1/2-1/2


[Site "https://www.chess.com"]

[Event "Titled Tuesday Blitz March 08 Early 2022"]
[White "Tari, Aryan"]
[Black "Karas, Marek"]
[WhiteFideId "1510045"]
[BlackFideId "14928558"]
[WhiteElo "2567"]
[BlackElo "2271"]
[Result "0-1"]
[Round "01"]
[TimeControl "180+1"]
[Date "2022.03.08"]
[WhiteClock "0:00:05"]
[BlackClock "0:00:07"]

1. Nf3 Nf6 2. b3 d5 3. Bb2 Bf5 4. e3 e6 5. Be2 Be7 6. Nh4 Bg6 7. O-O O-O 8. d3 c5 9. Nd2 Nc6 10. f4 Nd7 11. Nxg6 hxg6 12. e4 Nd4 13. Nf3 Nxf3+ 14. Bxf3 Nf6 15. e5 Nd7 16. c4 Nb6 17. a4 Rc8 18. Qe1 dxc4 19. dxc4 Qd3 20. Bc3 Qc2 21. Rb1 Rc7 22. Be4 Qa2 23. Qc1 Qe2 24. Re1 Qh5 25. Qe3 Rd8 26. h3 Rcd7 27. g4 Qh4 28. Kg2 Nc8 29. Re2 b6 30. Be1 Qh6 31. Rd2 Bh4 32. Rbd1 Rxd2+ 33. Rxd2 Rxd2+ 34. Bxd2 Qh8 35. g5 Ne7 36. Qd3 Nf5 37. Qd7 Kh7 38. Bxf5 exf5 39. Bc3 Qf8 40. a5 bxa5 41. e6 fxe6 42. Be5 Qa8+ 43. Kg1 Qg8 44. Qxa7 Be1 45. Qd7 Bb4 46. h4 Ba3 47. Kf1 Bb4 48. Ke2 Ba3 49. Kd1 Bb4 50. Kc2 Ba3 51. Kb1 Bb4 52. Ka2 Be1 53. Qd1 Bb4 54. h5 Qe8 55. h6 gxh6 56. gxh6 Qc6 57. Qd8 Qg2+ 58. Bb2 Bc3 59. Qe7+ Kxh6 60. Qg5+ Qxg5 61. fxg5+ Kxg5 62. Bxc3 f4 63. Bxa5 f3 64. Be1 Kf4 65. b4 cxb4 66. Kb3 g5 67. Kxb4 g4 68. c5 g3 69. c6 f2 70. Bd2+ Kf3 71. c7 f1=Q 72. c8=Q Qb1+ 73. Ka3 Qa1+ 74. Kb3 Qb1+ 75. Kc3 Qa1+ 76. Kd3 Qa3+ 77. Bc3 Qd6+ 78. Kc2 Qd5 79. Qf8+ Qf5+ 80. Qxf5+ exf5 81. Kd2 f4 82. Ke1 Kg2 83. Be5 f3 84. Bxg3 Kxg3 0-1


[Site "https://www.chess.com"]

[Event "Titled Tuesday Blitz March 08 Early 2022"]
[White "Tasev, Dejan"]
[Black "Kett, Tim"]
[WhiteFideId "936618"]
[BlackFideId "1801210"]
[WhiteElo "2253"]
[BlackElo "2098"]
[Result "1-0"]
[Round "01"]
[TimeControl "180+1"]
[Date "2022.03.09"]
[WhiteClock "0:00:30"]
[BlackClock "0:00:03"]

1. e4 e5 2. Nf3 Nc6 3. Bb5 a6 4. Ba4 d6 5. c3 Bd7 6. O-O g6 7. d4 Bg7 8. dxe5 Nxe5 9. Nxe5 dxe5 10. Bxd7+ Qxd7 11. Qxd7+ Kxd7 12. Be3 f5 13. f3 Nf6 14. Nd2 Rad8 15. Rad1 Ke6 16. exf5+ gxf5 17. Bg5 Rd6 18. Bxf6 Bxf6 19. Nc4 Rxd1 20. Rxd1 Rd8 21. Rxd8 Bxd8 22. Kf2 c6 23. g4 b5 24. Nd2 Bb6+ 25. Ke2 fxg4 26. fxg4 Kd5 27. Kf3 a5 28. b3 c5 29. Ne4 c4 30. bxc4+ Kxc4 31. Ke2 Bd8 32. Kd2 Be7 33. Kc2 a4 34. g5 b4 35. cxb4 Kxb4 36. Nf6 Kc4 37. Nxh7 e4 38. g6 1-0


[Site "https://www.chess.com"]

[Event "Titled Tuesday Blitz March 08 Early 2022"]
[White "Toncheva, Nadya"]
[Black "Kosakowski, Jakub"]
[WhiteFideId "2924056"]
[BlackFideId "1185080"]
[WhiteElo "1884"]
[BlackElo "2476"]
[Result "1-0"]
[Round "01"]
[TimeControl "180+1"]
[Date "2022.03.09"]
[WhiteClock "0:00:29"]
[BlackClock "0:00:11"]

1. e4 g6 2. d4 Bg7 3. Nf3 d6 4. Bd3 Nf6 5. O-O O-O 6. Re1 Nc6 7. c3 e5 8. Nbd2 Re8 9. Qc2 Nh5 10. Nf1 exd4 11. cxd4 Nxd4 12. Nxd4 Bxd4 13. Ng3 Nxg3 14. hxg3 c6 15. Be3 Bg7 16. Rad1 Be6 17. b3 Qa5 18. Bc4 Rad8 19. Re2 d5 20. Bd3 dxe4 21. Bxe4 Rxd1+ 22. Qxd1 Bg4 23. Bf3 Bxf3 24. gxf3 h5 25. Bb6 axb6 26. Rxe8+ Kh7 27. Re7 Qf5 28. Qe2 h4 29. Qe4 hxg3 30. Qxf5 gxf2+ 31. Kxf2 gxf5 32. Rxf7 Kg6 33. Rxb7 f4 34. Ke2 Bd4 35. Kd3 Be3 36. Rc7 c5 37. a4 Kg5 38. Ke4 Kh4 39. Rc6 Kg3 40. Rxb6 c4 41. Rb4 c3 42. Rc4 Bd2 43. a5 Kf2 44. a6 1-0


[Site "https://www.chess.com"]

[Event "Titled Tuesday Blitz March 08 Early 2022"]
[White "Tsatsalashvili, Keti"]
[Black "Dronavalli, Harika"]
[WhiteFideId "13603434"]
[BlackFideId "5015197"]
[WhiteElo "2246"]
[BlackElo "2382"]
[Result "0-1"]
[Round "01"]
[TimeControl "180+1"]
[Date "2022.03.09"]
[WhiteClock "0:00:01"]
[BlackClock "0:00:45"]

1. d4 Nf6 2. c4 e6 3. Nf3 d5 4. Bg5 dxc4 5. e3 h6 6. Bh4 b5 7. a4 c6 8. Be2 Bb4+ 9. Nc3 O-O 10. O-O Bxc3 11. bxc3 Nbd7 12. Ne5 Nxe5 13. dxe5 Qxd1 14. Rfxd1 Nd5 15. Bf3 g5 16. Bg3 Nxc3 17. Bxc6 Rb8 18. Bxb5 Nxd1 19. Rxd1 Bb7 20. Bxc4 Rfd8 21. Rd6 Rdc8 22. Bf1 Rc1 23. h4 Bd5 24. hxg5 hxg5 25. e4 Bc4 26. Kh2 Bxf1 27. f4 Kg7 28. f5 Rh8+ 29. Kg1 Bd3+ 30. Kf2 Bxe4 31. fxe6 fxe6 32. Rxe6 Rc2+ 33. Ke3 Rxg2 34. Re7+ Kg6 0-1


[Site "https://www.chess.com"]

[Event "Titled Tuesday Blitz March 08 Early 2022"]
[White "Urbina Perez, Juan Antonio"]
[Black "Kollars, Dmitrij"]
[WhiteFideId "2217368"]
[BlackFideId "12909572"]
[WhiteElo "2192"]
[BlackElo "2584"]
[Result "0-1"]
[Round "01"]
[TimeControl "180+1"]
[Date "2022.03.08"]
[WhiteClock "0:00:06"]
[BlackClock "0:00:55"]

1. e4 c6 2. d4 d5 3. e5 Bf5 4. Nf3 e6 5. Be2 c5 6. O-O Nc6 7. c4 dxc4 8. Bxc4 cxd4 9. Bb5 Bc5 10. Qa4 Ne7 11. Rd1 O-O 12. Bg5 Qb6 13. Bxe7 Nxe7 14. Nbd2 a6 15. Bf1 Qxb2 16. Nb3 Ba7 17. Nbxd4 Nc6 18. Nxf5 Qxf2+ 19. Kh1 exf5 20. Rab1 Nxe5 21. Rd2 Qc5 22. Rc2 Qd5 23. Bc4 Nxc4 24. Qxc4 Qxc4 25. Rxc4 b5 26. Rc7 Rfc8 27. Rbc1 Rxc7 28. Rxc7 f6 29. g3 Be3 30. Kg2 Ra7 31. Rc8+ Kf7 32. Ne1 Rd7 33. Nc2 Rd2+ 34. Kf3 Bg1 35. h3 Rf2+ 36. Ke3 Rxc2+ 0-1


[Site "https://www.chess.com"]

[Event "Titled Tuesday Blitz March 08 Early 2022"]
[White "Vakhlamov, Igor L."]
[Black "Begunov, Konstantin"]
[WhiteFideId "24126748"]
[BlackFideId "4118510"]
[WhiteElo "2401"]
[BlackElo "2262"]
[Result "1-0"]
[Round "01"]
[TimeControl "180+1"]
[Date "2022.03.09"]
[WhiteClock "0:00:04"]
[BlackClock "0:00:04"]

1. e4 c5 2. Nf3 d6 3. Nc3 a6 4. d4 cxd4 5. Qxd4 Nc6 6. Qe3 Bg4 7. Be2 Nf6 8. O-O e6 9. h3 Bh5 10. Rd1 Qc7 11. Nd4 Nxd4 12. Rxd4 Bxe2 13. Qxe2 Be7 14. Bg5 O-O 15. Rad1 Rfd8 16. a4 Qb6 17. b3 Rac8 18. R4d3 Qa5 19. Bxf6 Bxf6 20. Nb1 Be7 21. c4 b5 22. axb5 axb5 23. cxb5 Qxb5 24. Na3 Qb4 25. Nc4 Rc6 26. Qf3 Qc5 27. Qg3 g6 28. Kh1 Kg7 29. f4 Rb8 30. Qf3 Rb4 31. f5 Rb7 32. e5 dxe5 33. Nxe5 Rd6 34. fxg6 Qxe5 35. Qxb7 Rxd3 36. Rxd3 Qe1+ 37. Kh2 Qe5+ 38. Kh1 Qe1+ 39. Kh2 Qe5+ 40. Rg3 hxg6 41. Qxe7 g5 42. Qxg5+ 1-0


[Site "https://www.chess.com"]

[Event "Titled Tuesday Blitz March 08 Early 2022"]
[White "Vifleemskaia, Svetlana"]
[Black "Karolczuk, Iwo"]
[WhiteFideId "4129490"]
[BlackFideId "21816972"]
[WhiteElo "1901"]
[BlackElo "2243"]
[Result "0-1"]
[Round "01"]
[TimeControl "180+1"]
[Date "2022.03.09"]
[WhiteClock "0:00:05"]
[BlackClock "0:00:15"]

1. d4 Nf6 2. c4 g6 3. Nc3 Bg7 4. e4 O-O 5. Nge2 c6 6. e5 Ne8 7. Ng3 d6 8. exd6 Nxd6 9. Be2 Nf5 10. Nxf5 Bxf5 11. Be3 Na6 12. a3 Qc7 13. g4 Be6 14. Qc2 Rad8 15. O-O-O Qa5 16. Qe4 Rfe8 17. h4 Bc8 18. h5 f5 19. Qc2 e5 20. d5 e4 21. hxg6 hxg6 22. Bd4 Nc5 23. b4 Qxa3+ 24. Qb2 Nb3+ 25. Kc2 Qxb2+ 26. Kxb2 Nxd4 0-1


[Site "https://www.chess.com"]

[Event "Titled Tuesday Blitz March 08 Early 2022"]
[White "Vivas Zamora, Fabian Ernesto"]
[Black "Alonso Rosell, Alvar"]
[WhiteFideId "3902480"]
[BlackFideId "2270544"]
[WhiteElo "1966"]
[BlackElo "2474"]
[Result "0-1"]
[Round "01"]
[TimeControl "180+1"]
[Date "2022.03.09"]
[WhiteClock "0:00:02"]
[BlackClock "0:00:14"]

1. c4 e5 2. Nc3 Nf6 3. Nf3 Nc6 4. e4 Bb4 5. d3 d6 6. a3 Bc5 7. b4 Bb6 8. Be3 Bg4 9. h3 Bxf3 10. Qxf3 Nd4 11. Bxd4 Bxd4 12. Rc1 a5 13. b5 a4 14. Be2 c6 15. O-O O-O 16. Bd1 Bxc3 17. Rxc3 Nd7 18. Bc2 Nc5 19. Rb1 Ne6 20. Bd1 Qa5 21. Rcc1 Nd4 22. Qe3 cxb5 23. cxb5 Rfc8 24. Rc4 Rxc4 25. dxc4 Rc8 26. Rb4 Ne6 27. Rxa4 Qc7 28. Rb4 Nc5 29. g3 g6 30. Kh2 Qa5 31. Rb1 Ne6 32. Qd3 Nd4 33. h4 Qe1 34. Kg2 Ra8 35. a4 Qa5 36. h5 Rc8 37. Bg4 Rf8 38. Rh1 Qb6 39. Qe3 Qc7 40. hxg6 fxg6 41. f3 Qf7 42. Rc1 h5 43. Bh3 b6 44. Rf1 Qxc4 45. Rf2 Qc5 46. Qg5 Kg7 47. Bf5 Nxf5 48. exf5 Rxf5 49. Qe7+ Rf7 50. Qd8 Qd4 51. Qe8 Qxa4 52. Qc6 Qd4 53. Re2 h4 54. gxh4 Qxh4 55. Qxd6 Qg5+ 56. Kf2 Qh4+ 57. Kg2 Rf6 58. Qxe5 Qc4 59. Qc7+ Qxc7 0-1


[Site "https://www.chess.com"]

[Event "Titled Tuesday Blitz March 08 Early 2022"]
[White "Vogel, Roven"]
[Black "Stepanencu, Nicodim-Cosmin"]
[WhiteFideId "12908088"]
[BlackFideId "1256220"]
[WhiteElo "2516"]
[BlackElo "1913"]
[Result "1-0"]
[Round "01"]
[TimeControl "180+1"]
[Date "2022.03.09"]
[WhiteClock "0:01:20"]
[BlackClock "0:00:03"]

1. e4 e6 2. d4 d5 3. Nd2 c5 4. Ngf3 cxd4 5. exd5 exd5 6. Nxd4 Nc6 7. N2f3 Bd6 8. Be2 Nge7 9. O-O O-O 10. c3 Bg4 11. Be3 a6 12. h3 Bh5 13. Nh4 Bxe2 14. Qxe2 Qd7 15. Qh5 f5 16. Bg5 Nxd4 17. cxd4 Nc6 18. Nf3 Rae8 19. Bd2 h6 20. Bc3 b5 21. a3 a5 22. b3 b4 23. axb4 axb4 24. Bd2 Re4 25. Ra6 Nxd4 26. Nxd4 Rxd4 27. Bxh6 Be5 28. Be3 Rd3 29. Bc5 Rb8 30. Re1 Qc7 31. Ra7 Bh2+ 32. Kh1 Qxc5 33. Qf7+ 1-0


[Site "https://www.chess.com"]

[Event "Titled Tuesday Blitz March 08 Early 2022"]
[White "Vokhidov, Shamsiddin"]
[Black "Seul, Georg"]
[WhiteFideId "14204223"]
[BlackFideId "4601653"]
[WhiteElo "2611"]
[BlackElo "2271"]
[Result "1-0"]
[Round "01"]
[TimeControl "180+1"]
[Date "2022.03.08"]
[WhiteClock "0:01:32"]
[BlackClock "0:00:11"]

1. e4 c6 2. d4 d5 3. e5 c5 4. Nf3 Nc6 5. dxc5 Bg4 6. c3 e6 7. b4 g6 8. Bb5 Qc7 9. Bf4 Bg7 10. Nbd2 Ne7 11. O-O O-O 12. Re1 a5 13. a3 axb4 14. cxb4 h6 15. h3 Bxf3 16. Nxf3 g5 17. Bh2 Ng6 18. Qe2 b6 19. Rac1 Nce7 20. a4 bxc5 21. Rxc5 Qb8 22. Nd4 Rc8 23. Qg4 Rxc5 24. bxc5 Bxe5 25. Rxe5 Nxe5 26. Qe2 N7g6 27. Nc6 1-0


[Site "https://www.chess.com"]

[Event "Titled Tuesday Blitz March 08 Early 2022"]
[White "Weetik, Vjacheslav"]
[Black "Fernandez Siles, Luis"]
[WhiteFideId "4153472"]
[BlackFideId "2209420"]
[WhiteElo "2469"]
[BlackElo "2212"]
[Result "1-0"]
[Round "01"]
[TimeControl "180+1"]
[Date "2022.03.09"]
[WhiteClock "0:00:07"]
[BlackClock "0:00:01"]

1. d4 Nf6 2. Nf3 g6 3. Bg5 Bg7 4. Nbd2 d5 5. e3 O-O 6. Be2 c5 7. c3 Nc6 8. O-O Nd7 9. Rb1 Qe8 10. b4 cxb4 11. cxb4 a6 12. a4 f6 13. Bh4 e5 14. b5 axb5 15. axb5 Ne7 16. b6 e4 17. Ne1 Nf5 18. Bg3 Nxg3 19. hxg3 Qe6 20. Qb3 f5 21. Nc2 g5 22. f4 gxf4 23. gxf4 Rf6 24. Rfc1 Nxb6 25. Nb4 Rf7 26. Rc5 Bf8 27. Rxd5 Nxd5 28. Nxd5 Ra3 29. Qb5 Bd7 30. Qc4 b5 31. Rxb5 Bxb5 32. Qxb5 Ra1+ 33. Kf2 Qh6 34. Nf1 Ra2 35. Qc4 Raa7 36. Nc3 Kh8 37. d5 Qh4+ 38. g3 Qh6 39. Nb5 Rad7 40. Qd4+ Qf6 41. Qc4 Bg7 42. g4 fxg4 43. Qxe4 Qb6 44. Nd4 Qd6 45. Ne6 Qxd5 46. Qxd5 Rxd5 47. Bxg4 Rd1 48. Bxd1 Re7 49. Bg4 Bf6 50. Ng3 Kg8 51. Kf3 Bb2 52. e4 Ra7 53. Nh5 Ra3+ 54. Kg2 Kf7 55. Ng5+ Kg6 56. Ng3 Bc1 57. Bf5+ Kg7 58. Ne2 Ra2 59. Kf3 Ra3+ 60. Kg4 Be3 61. e5 Ra1 62. Ng3 Rg1 63. Kf3 Bc1 64. Nh5+ Kf8 65. Nxh7+ Ke7 66. Ng5 Rf1+ 67. Kg4 Rg1+ 68. Ng3 Rf1 69. N5e4 Rxf4+ 70. Kh5 Rxf5+ 71. Nxf5+ Ke6 72. Kg4 Kxe5 73. Nf2 Be3 74. Nd3+ 1-0


[Site "https://www.chess.com"]

[Event "Titled Tuesday Blitz March 08 Early 2022"]
[White "Winkels, Marcel"]
[Black "Omelja, Artem"]
[WhiteFideId "1003887"]
[BlackFideId "14119846"]
[WhiteElo "1900"]
[BlackElo "2382"]
[Result "0-1"]
[Round "01"]
[TimeControl "180+1"]
[Date "2022.03.09"]
[WhiteClock "0:00:23"]
[BlackClock "0:00:29"]

1. e4 c5 2. Nf3 e6 3. d3 Nc6 4. g3 d5 5. Nbd2 Nf6 6. Bg2 Be7 7. O-O O-O 8. Re1 b5 9. e5 Nd7 10. Nf1 Qc7 11. Qe2 Bb7 12. Bf4 a5 13. h4 Rfc8 14. N1h2 Nd4 15. Nxd4 cxd4 16. Rac1 b4 17. Nf3 Qb6 18. b3 a4 19. Ng5 h6 20. Nf3 axb3 21. cxb3 Rc3 22. Bd2 Rxa2 23. Qd1 Rxd3 24. Rc2 Ra3 25. Rb2 Nc5 26. Bf1 Rdxb3 27. Rxb3 Nxb3 28. Qc2 Nxd2 29. Qxd2 Rxf3 0-1


[Site "https://www.chess.com"]

[Event "Titled Tuesday Blitz March 08 Early 2022"]
[White "Wong, Yinn Long"]
[Black "Dushyant Sharma"]
[WhiteFideId "5707684"]
[BlackFideId "25065130"]
[WhiteElo "2055"]
[BlackElo "2105"]
[Result "1-0"]
[Round "01"]
[TimeControl "180+1"]
[Date "2022.03.09"]
[WhiteClock "0:00:43"]
[BlackClock "0:00:45"]

1. Nf3 d5 2. e3 e6 3. b3 Be7 4. Bb2 Bf6 5. d4 Ne7 6. Bd3 c5 7. O-O Nbc6 8. c3 e5 9. dxe5 Nxe5 10. Nxe5 Bxe5 11. Nd2 O-O 12. Bxh7+ Kxh7 13. Qh5+ Kg8 14. Qxe5 Ng6 15. Qg3 Qf6 16. Rad1 Be6 17. Ba1 Qf5 18. Nf3 Rad8 19. Rd2 a5 20. h3 a4 21. b4 b6 22. Bb2 Rfe8 23. Ba3 Rc8 24. Qd6 Qe4 25. Qxb6 cxb4 26. Bxb4 Bxh3 27. Rd4 Qf5 28. Qd6 Bg4 29. Qxd5 Ne5 30. Nh2 Be2 31. Re1 Bc4 32. Qa5 Nd3 33. Qxf5 1-0


[Site "https://www.chess.com"]

[Event "Titled Tuesday Blitz March 08 Early 2022"]
[White "Yang, Kaiqi"]
[Black "Pacuszka, Tomasz"]
[WhiteFideId "8604398"]
[BlackFideId "1119036"]
[WhiteElo "2373"]
[BlackElo "2083"]
[Result "1-0"]
[Round "01"]
[TimeControl "180+1"]
[Date "2022.03.09"]
[WhiteClock "0:00:12"]
[BlackClock "0:00:14"]

1. e4 c6 2. Ne2 d5 3. e5 Bf5 4. Ng3 Bg6 5. h4 h6 6. h5 Bh7 7. e6 fxe6 8. d4 Qc7 9. f4 Nf6 10. Bd3 Nbd7 11. Bxh7 Rxh7 12. Be3 O-O-O 13. Nd2 Rh8 14. Nf3 Kb8 15. Qe2 Ne4 16. Nxe4 dxe4 17. Nh4 e5 18. fxe5 e6 19. Ng6 Rg8 20. O-O-O Bb4 21. c3 Ba5 22. Qg4 Rde8 23. Qxe4 Nb6 24. Kb1 Nd5 25. c4 Nxe3 26. Qxe3 Bb6 27. Rhf1 a5 28. Rf4 Rd8 29. a3 Rd7 30. c5 Bxc5 31. Rdf1 Bb6 32. Nf8 Re7 33. Qb3 Ka7 34. Nxe6 Qc8 35. Nf8 Rxf8 36. Rxf8 Qg4 37. d5 Qe4+ 38. Ka2 cxd5 39. Rc1 a4 40. Qb4 Qxb4 41. axb4 Rxe5 42. Rf7 Re4 43. Rxg7 Rxb4 44. Rc2 Ka6 45. g4 d4 46. g5 hxg5 47. Rxg5 d3 48. Rcg2 Bd4 49. Rd5 Bf6 50. Rg6 Rb6 51. Rxd3 a3 52. bxa3 1-0


[Site "https://www.chess.com"]

[Event "Titled Tuesday Blitz March 08 Early 2022"]
[White "Yaniuk, Volodymyr"]
[Black "Gedgafov, Chamal"]
[WhiteFideId "14133083"]
[BlackFideId "34130621"]
[WhiteElo "2207"]
[BlackElo "2030"]
[Result "1-0"]
[Round "01"]
[TimeControl "180+1"]
[Date "2022.03.09"]
[WhiteClock "0:00:09"]
[BlackClock "0:00:01"]

1. d4 e6 2. c4 Nf6 3. g3 d5 4. Bg2 Nbd7 5. Nf3 Be7 6. O-O dxc4 7. Qc2 Nb6 8. Rd1 c6 9. Ne5 O-O 10. Nxc4 Nxc4 11. Qxc4 e5 12. Nc3 exd4 13. Rxd4 Qb6 14. Be3 Be6 15. Qd3 Qa5 16. h3 Rfd8 17. Rd1 Rxd4 18. Bxd4 Rd8 19. Qc2 Nd5 20. a3 Nxc3 21. Bxc3 Rxd1+ 22. Qxd1 Qh5 23. g4 Qg5 24. e3 h5 25. f4 Qb5 26. f5 Bd5 27. e4 Bb3 28. Qd7 Bg5 29. Qd4 Bf6 30. e5 Be7 31. Kh1 hxg4 32. f6 Bf8 33. Qxg4 g6 34. Be4 Bd5 35. Kh2 Bxe4 36. Qxe4 Qd5 37. Qxd5 cxd5 38. Bd4 b6 39. Kg3 Bc5 40. Bc3 Kf8 41. Kg4 Ke8 42. Kf4 Kd7 43. b4 Bg1 44. Kg5 Be3+ 45. Kg4 Ke6 46. Kf3 Bg1 47. Kg2 Be3 48. Kf3 Bc1 49. a4 Kf5 50. Bd4 Ba3 51. b5 Bb4 52. Bb2 Bd2 53. Bd4 Bb4 54. Ke3 Ba3 55. Kd3 Ke6 56. Ke3 Bb4 57. Kf4 Ba3 58. Kg5 Bc1+ 59. Kg4 Ba3 60. h4 Bb4 61. h5 gxh5+ 62. Kxh5 Ba3 63. Kh6 1-0


[Site "https://www.chess.com"]

[Event "Titled Tuesday Blitz March 08 Early 2022"]
[White "Zakharov, Alexander S."]
[Black "Bilych, Olexiy"]
[WhiteFideId "4120132"]
[BlackFideId "14156504"]
[WhiteElo "2417"]
[BlackElo "2176"]
[Result "0-1"]
[Round "01"]
[TimeControl "180+1"]
[Date "2022.03.09"]
[WhiteClock "0:00:02"]
[BlackClock "0:00:14"]

1. e4 e5 2. Nf3 Nc6 3. Bb5 Nf6 4. Qe2 Bc5 5. c3 O-O 6. O-O d6 7. d3 a6 8. Ba4 Ba7 9. Bg5 h6 10. Bh4 Kh8 11. Nbd2 Rg8 12. Bb3 g5 13. Bg3 Qe7 14. Ne1 Bg4 15. Ndf3 h5 16. h4 Nh7 17. Qd2 gxh4 18. Bxh4 Qd7 19. Kh2 Rg6 20. Bg3 Rf8 21. Nh4 Rf6 22. Nc2 Be6 23. Ne3 Ne7 24. d4 Ng6 25. d5 Bg4 26. Nxg4 Qxg4 27. f3 Qd7 28. Nf5 Rxf5 29. exf5 Qxf5 30. Bc2 Qg5 31. Qxg5 Nxg5 32. Bh4 Nxh4 33. f4 exf4 34. Rxf4 Ng6 35. Rf5 Nh7 36. Rxh5 Kg7 37. Rf1 Be3 38. Rhf5 Ng5 39. Re1 Rh8+ 40. Kg3 Nh4 41. Rxe3 Nxf5+ 42. Bxf5 Kf6 43. Bg4 Rg8 44. Re2 Kg6 45. Re3 f5 0-1


[Site "https://www.chess.com"]

[Event "Titled Tuesday Blitz March 08 Early 2022"]
[White "Zaksaite, Salomeja"]
[Black "Kouskoutis, Georgios-Alexandros"]
[WhiteFideId "12801496"]
[BlackFideId "4234049"]
[WhiteElo "1953"]
[BlackElo "2130"]
[Result "0-1"]
[Round "01"]
[TimeControl "180+1"]
[Date "2022.03.09"]
[WhiteClock "0:00:01"]
[BlackClock "0:00:10"]

1. e4 c5 2. Nf3 e6 3. d4 cxd4 4. Nxd4 Nc6 5. Nc3 Qc7 6. g3 a6 7. Bg2 h5 8. h3 Nf6 9. O-O h4 10. g4 Nxd4 11. Qxd4 Bd6 12. Bg5 Be5 13. Qd3 b5 14. f4 Bxc3 15. bxc3 Bb7 16. Qd4 Rc8 17. Bxf6 gxf6 18. Qxf6 Rf8 19. Rf3 Bxe4 20. Re3 Bxg2 21. Kxg2 Qc6+ 22. Kh2 Qc5 23. Rae1 Qe7 24. Qd4 f5 25. g5 Rc4 26. Qa7 Kf7 27. Qxa6 Rxf4 28. Qxb5 Rg8 29. Rg1 Rf2+ 30. Kh1 Qd6 0-1


[Site "https://www.chess.com"]

[Event "Titled Tuesday Blitz March 08 Early 2022"]
[White "Zhigalko, Sergei"]
[Black "Petrovic, Aleksa"]
[WhiteFideId "13502956"]
[BlackFideId "967629"]
[WhiteElo "2662"]
[BlackElo "2245"]
[Result "1-0"]
[Round "01"]
[TimeControl "180+1"]
[Date "2022.03.08"]
[WhiteClock "0:01:00"]
[BlackClock "0:00:30"]

1. e4 c5 2. Nf3 d6 3. d4 cxd4 4. Qxd4 Nf6 5. Nc3 a6 6. Bc4 Nbd7 7. O-O e6 8. a4 Qc7 9. Bg5 h6 10. Bh4 b6 11. Rfd1 Bb7 12. Ba2 e5 13. Qe3 g5 14. Bg3 Nc5 15. Nd2 Ne6 16. Nc4 Nd4 17. Rxd4 exd4 18. Qxd4 Be7 19. Nxd6+ Kf8 20. Nxf7 Qc5 21. Qxc5 Bxc5 22. Nxh8 Kg7 23. Nf7 Nxe4 24. Nxe4 Bxe4 25. c3 Re8 26. Nd6 Bxd6 27. Bxd6 1-0


[Site "https://www.chess.com"]